 Dungeon Crawl Stone Soup version 0.28.0-53-g5a82cb258f (webtiles) character file.

Game seed: 4285575556434063190

26 bnorton916 the Firebug (level 2, 0/15 HPs)
             Began as a Deep Elf Fire Elementalist on Aug 11, 2022.
             Slain by a worm (11 damage)
             ... on level 1 of the Dungeon.
             The game lasted 00:00:41 (1767 turns).

bnorton916 the Firebug (Deep Elf Fire Elementalist) Turns: 1767, Time: 00:00:42

Health: 0/15       AC:  2    Str:  5    XL:     2   Next: 89%
Magic:  3/8        EV: 12    Int: 19    God:
Gold:   22         SH:  0    Dex: 15    Spells: 7/8 levels left

rFire   . . .      SeeInvis .   (no weapon)
rCold   . . .      Faith    .   (no shield)
rNeg    . . .      Spirit   .   a - +0 robe
rPois   .          Reflect  .   (no helmet)
rElec   .          Harm     .   (no cloak)
rCorr   .          Rampage  .   (no gloves)
Will    .....                   (no boots)
Stlth   ++........              (no amulet)
HPRegen 0.05/turn               (no ring)
MPRegen 0.11/turn               (no ring)

@: no status effects
A: no striking features
a: no special abilities


You were on level 1 of the Dungeon.
You visited 1 branch of the dungeon, and saw 2 of its levels.

You collected 22 gold pieces.

Inventory:

Armour
 a - a +0 robe (worn)
Scrolls
 b - a scroll of fear {unknown}
 c - a scroll of noise {unknown}
 e - a scroll of amnesia {unknown}
 g - a scroll of teleportation {unknown}
Potions
 d - a potion of curing {unknown}
 f - a potion of attraction {unknown}


   Skills:
 - Level 2.4 Dodging
 - Level 2.4 Stealth
 + Level 3.6 Spellcasting
 + Level 2.0 Conjurations
 + Level 3.8 Fire Magic


You had 7 spell levels left.
You knew the following spells:

 Your Spells              Type           Power      Damage    Failure   Level
a - Foxfire               Conj/Fire      56%        2x1d6     4%          1

Your spell library contained the following spells:

 Spells                   Type           Power      Damage    Failure   Level
 Scorch                   Fire           34%        2d6       4%          2
 Conjure Flame            Conj/Fire      14%        6-21      13%         3
 Animate Skeleton         Necr           6%         N/A       14%         1
 Apportation              Tloc           6%         N/A       14%         1
 Summon Small Mammal      Summ           12%        N/A       14%         1
 Inner Flame              Hex/Fire       10%        N/A       21%         3
 Flame Wave               Conj/Fire      14%        2d6       38%         4
 Airstrike                Air            1%         N/A       80%         4
 Summon Lightning Spire   Summ/Air       3%         N/A       80%         4
 Lightning Bolt           Conj/Air       3%         1d15      95%         5


Dungeon Overview and Level Annotations

Branches:
Dungeon (2/15)

Altars:


Message History

Casting: Foxfire (safe; 4% risk of failure)
Confirm with . or Enter, or press ? or * to list all spells.
You conjure some foxfire!
The foxfire hits the worm.
The worm is moderately wounded.
Casting: Foxfire (safe; 4% risk of failure)
Confirm with . or Enter, or press ? or * to list all spells.
You conjure some foxfire!
The foxfire hits the worm.
The worm is moderately wounded.
The foxfire hits the worm.
The worm is heavily wounded.
The foxfire hits the worm.
The worm is severely wounded.
Casting: Foxfire (safe; 4% risk of failure)
Confirm with . or Enter, or press ? or * to list all spells.
You miscast Foxfire.
You are very lightly contaminated with residual magic.
Nothing appears to happen.
You climb upwards.
There is a stone staircase leading down here.
Casting: Foxfire (safe; 4% risk of failure)
Confirm with . or Enter, or press ? or * to list all spells.
You conjure some foxfire!
The worm bites you.
The foxfire hits the worm.
The worm is heavily wounded.
The foxfire hits the worm.
The worm is severely wounded.
Casting: Foxfire (safe; 4% risk of failure)
Confirm with . or Enter, or press ? or * to list all spells.
You conjure some foxfire!
The worm barely misses you.
The foxfire hits the worm.
The worm is almost dead.
The foxfire hits the worm but does no damage.
The worm is almost dead.
Your magical contamination has completely faded away.
Casting: Foxfire (safe; 4% risk of failure)
Confirm with . or Enter, or press ? or * to list all spells.
You conjure some foxfire!
The worm bites you!
Ouch! That really hurt!
You die...

.......................#.....P...
.#...............................
................#.#..........<...
................#.#....#.........
##..............#.#....#.....P...
.......................#....P≈P..
##..........####...###.#...P≈≈≈P.
............# #v..###.#..P≈≈≈≈≈P
........)..## #@w.'...#.P≈≈≈≈≈≈≈
........##.# #v..###.#P≈≈≈≈≈≈≈≈
.......#.#.# #...##############
.#.#.#.#.#.# #........###......
.#.#...#.#.## #.................
.#.#...##...# #.................
.#.#.#......# #.................
.#.#.##.#.#.# #...............##
.#.#.##.....# #######...........


You could see a worm (ally target).

Vanquished Creatures
  A dart slug (D:1)
  2 ball pythons (D:1)
  An endoplasm (D:1)
  A giant cockroach (D:1)
  3 hobgoblins (D:1)
  4 jackals (D:1)
  A kobold (D:1)
  A quokka (D:1)
  A bat (D:1)
  A frilled lizard (D:1)
  2 goblins (D:1)
  3 rats (D:1)
21 creatures vanquished.

Vanquished Creatures (others)
  119 foxfires
119 creatures vanquished.

Grand Total: 140 creatures vanquished

Notes
Turn   | Place    | Note
-------+----------+-------------------------------------------
     0 | D:1      | bnorton916 the Deep Elf Fire Elementalist began the quest
                  | for the Orb.
     0 | D:1      | Reached XP level 1. HP: 10/10 MP: 6/6
   409 | D:1      | Reached XP level 2. HP: 15/15 MP: 4/8
  1767 | D:1      | Slain by a worm

Illustrated notes

Levels and vault maps discovered:
D:1:      eino_arrival_druids_welcome, layout_basic, minmay_pentomino_q2
D:2:      layout_basic, basic_altar, nicolae_ecumenical_lake_church

Skill      XL: |  1  2 |
---------------+-------+-----
Conjurations   | 2 |  2.0
Dodging        | |  2.4
Stealth        | |  2.4
Spellcasting   | |  3.6
Fire Magic     | |  3.8

Action                   || total
-------------------------++-------
 Cast: Foxfire           ||    72
Armor: Robe              ||     2
Dodge: Dodged            ||     7
